Map: Winter's Gate LE

Players

PtitDrogo

  • Race: Protoss Protoss
  • League: Master
  • Spawn Location: 11:00

GOReynor (Reynor) - Winner!

  • Race: Zerg Zerg
  • League: Master
  • Spawn Location: 5:00

Event: NationWars 2019

VOD

Have the link to the VOD?

Description

Time

  • Played on: Oct. 10, 2019, 3:46 p.m.
  • Length: 13:35

All games in this series

Show
View Real Time Build Order
Export as new Build Order

PtitDrogo Protoss 

Build Orders: 1 Gate Expand 

Get SALT Encoding   

  12  0:00  Probe  
  13  0:12  Probe  
  14  0:20  Pylon  
  14  0:25  Probe  
  15  0:28  Assimilator  
  15  0:38  Probe (Chrono Boost)  
  16  0:44  Gateway  
  16  0:47  Probe (Chrono Boost)  
  17  0:52  Probe (Chrono Boost)  
  18  1:04  Probe  
  19  1:16  Probe  
  20  1:23  Nexus  
  20  1:32  Cybernetics Core  
  20  1:35  Probe  
  20  1:39  Assimilator  
  21  1:47  Probe  
  21  1:50  Pylon  
  22  1:59  Probe  
  23  2:05  Adept (Chrono Boost)  
  25  2:10  Robotics Facility  
  25  2:12  Probe  
  26  2:16  Warp Gate  
  26  2:25  Stalker (Chrono Boost)  
  29  2:31  Probe (Chrono Boost)  
  29  2:35  Probe (Chrono Boost)  
  32  2:44  Probe (Chrono Boost)  
  32  2:45  Probe (Chrono Boost)  
  32  2:48  Sentry  
  32  2:49  Probe (Chrono Boost)  
  35  2:52  Probe  
  36  2:59  Warp Prism (Chrono Boost)  
  36  3:01  Probe  
  39  3:06  Probe  
  39  3:11  Gateway  
  40  3:22  Gateway  
  40  3:23  Gateway  
  41  3:28  Immortal (Chrono Boost)  
  41  3:33  Probe  
  45  3:48  Gateway  
  45  3:49  Gateway  
  45  3:52  Gateway  
  45  3:53  Pylon  
  45  3:57  Pylon  
  45  4:02  Probe  
  46  4:17  Sentry  
  46  4:18  Zealot x3  
  46  4:21  Pylon  
  46  4:23  Pylon  
  54  4:38  Stalker x2  
  58  4:39  Zealot  
  58  4:46  Zealot x5  
  68  5:04  Stalker x2  
  68  5:06  Zealot  
  68  5:07  Zealot x2  
  76  5:08  Pylon  
  78  5:16  Pylon  
  78  5:31  Zealot x4  
  70  5:36  Warp Prism (Chrono Boost)  
  70  5:39  Stalker x4  
  70  5:40  Zealot  
  64  5:52  Probe x2  
  64  5:56  Zealot x2  
  68  6:04  Probe  
  68  6:06  Twilight Council  
  68  6:08  Zealot  
  71  6:12  Probe  
  71  6:17  Adept  
  74  6:22  Zealot x4  
  82  6:27  Probe  
  82  6:28  Probe  
  84  6:33  Pylon  
  84  6:37  Charge (Chrono Boost)  
  84  6:56  Warp Prism (Chrono Boost), Assimilator, Zealot x6  
  84  6:57  Zealot  
  84  6:58  Assimilator  
  84  7:02  Zealot x3  
  84  7:03  Zealot x3  
  96  7:10  Templar Archives  
  96  7:23  Pylon  
  96  7:24  Pylon, Zealot x3  
  102  7:40  Pylon  
  102  7:44  Pylon, Zealot x3  
  102  7:46  Zealot x2  
  102  7:49  Probe  
  107  7:52  Probe  
  105  8:00  High Templar x2  
  105  8:04  Archon  
  110  8:08  Zealot x3  
  112  8:21  Probe  
  112  8:24  Zealot x2  
  112  8:26  Probe  
  90  8:35  Zealot x2  
  80  8:44  Zealot x2  
  64  8:51  Zealot x2  
  40  9:03  High Templar x3  
  40  9:05  High Templar, Zealot  
  40  9:09  Archon x2  
  46  9:18  Immortal (Chrono Boost)  
  50  9:24  Zealot  
  50  9:31  Zealot  
  54  9:33  Zealot  
  56  9:41  Sentry  
  56  9:42  Zealot  
  56  9:50  Immortal (Chrono Boost)  
  60  10:00  High Templar x2  
  64  10:16  Probe  
  64  10:18  Archon  
  64  10:19  Immortal (Chrono Boost)  
  65  10:28  Pylon  
  69  10:30  Sentry x2  
  69  10:31  Zealot x2  
  77  10:50  Nexus  
  77  10:54  Probe  
  79  10:57  Observer (Chrono Boost)  
  79  11:02  Probe  
  80  11:06  Probe  
  80  11:11  High Templar x2, Zealot  
  83  11:12  Zealot  
  83  11:16  Archon  
  89  11:24  Immortal  
  93  11:26  Probe  
  94  11:35  Probe  
  94  11:38  Probe  
  96  11:47  Probe  
  96  11:49  Zealot x2  
  96  11:50  Probe  
  96  11:51  Zealot  
  103  11:59  Probe  
  104  12:02  Probe  
  104  12:06  High Templar x3  
  109  12:09  High Templar  
  109  12:10  Archon  
  109  12:11  Probe  
  109  12:13  Archon  
  112  12:18  Pylon  
  112  12:26  Zealot x3  
  114  12:39  High Templar x2, Zealot  
  114  12:44  Pylon, Archon  
  120  12:45  Pylon  
  104  12:59  Zealot x5  
  86  13:07  Probe  
Show
View Real Time Build Order
Export as new Build Order

GOReynor Zerg - Winner!

Build Orders: Hatch First 

Get SALT Encoding   

  12  0:00  Drone  
  13  0:12  Overlord  
  13  0:16  Drone  
  14  0:30  Drone  
  15  0:41  Drone  
  16  0:47  Hatchery  
  15  0:51  Drone  
  15  0:55  Drone  
  17  0:58  Drone  
  18  1:09  Extractor  
  17  1:13  Spawning Pool  
  17  1:16  Drone  
  17  1:20  Drone  
  18  1:27  Drone  
  19  1:39  Drone  
  20  1:50  Overlord  
  20  2:00  Zergling x4, Queen x2  
  26  2:10  Drone x2  
  28  2:21  Drone x2  
  30  2:29  Hatchery  
  29  2:31  Drone  
  29  2:33  Drone  
  31  2:37  Metabolic Boost  
  31  2:43  Drone  
  32  2:46  Overlord  
  32  2:53  Queen  
  32  2:54  Drone  
  32  2:56  Drone  
  36  3:05  Drone x2  
  38  3:08  Overlord  
  38  3:10  Drone x2  
  38  3:11  Drone  
  42  3:12  Drone  
  42  3:14  Drone  
  42  3:16  Drone  
  44  3:20  Overlord  
  44  3:27  Zergling x2  
  44  3:28  Queen  
  44  3:30  Zergling x2  
  48  3:37  Roach Warren  
  48  3:38  Drone  
  48  3:42  Zergling x6  
  48  3:43  Drone  
  48  3:45  Drone  
  53  3:50  Zergling x2  
  53  3:52  Zergling x2  
  53  3:54  Drone  
  56  3:57  Extractor  
  56  4:00  Overlord  
  56  4:02  Drone x3  
  58  4:04  Overlord  
  58  4:12  Spore Crawler  
  57  4:19  Roach x2  
  57  4:20  Roach, Overlord  
  57  4:21  Zergling x6  
  66  4:27  Overlord  
  65  4:32  Zergling x2, Roach x2  
  65  4:36  Zergling x8  
  73  4:44  Zergling x8  
  73  4:48  Ravager x2  
  73  4:49  Queen  
  73  4:51  Ravager  
  73  4:52  Zergling x4  
  76  4:54  Zergling x2  
  77  5:00  Zergling x2  
  77  5:08  Spine Crawler  
  75  5:14  Overlord  
  75  5:19  Overlord  
  74  5:23  Overlord  
  73  5:35  Overlord  
  65  5:37  Zergling x8, Roach x3  
  65  5:38  Queen  
  65  5:42  Roach x2  
  65  5:51  Drone  
  65  5:53  Drone  
  65  5:57  Hatchery  
  65  6:01  Drone x4  
  69  6:04  Drone  
  69  6:07  Ravager x2  
  72  6:12  Drone, Extractor  
  72  6:14  Evolution Chamber  
  72  6:17  Roach  
  73  6:25  Roach  
  75  6:27  Roach  
  75  6:29  Ravager  
  75  6:30  Zergling x6  
  81  6:34  Overlord  
  81  6:38  Overlord  
  81  6:45  Roach  
  81  6:47  Ravager  
  83  6:49  Zergling x2  
  83  6:52  Overlord  
  83  6:54  Roach x2  
  88  6:59  Roach  
  88  7:00  Roach  
  92  7:03  Drone x3  
  92  7:04  Queen  
  97  7:10  Drone  
  97  7:13  Drone  
  99  7:16  Lair  
  99  7:21  Drone x3  
  102  7:23  Drone  
  102  7:27  Zerg Missile Weapons Level 1  
  103  7:30  Drone  
  103  7:32  Drone  
  103  7:35  Roach  
  107  7:41  Roach x3  
  107  7:43  Queen x2  
  114  7:44  Overlord  
  114  7:49  Roach  
  113  7:54  Overlord  
  113  7:55  Roach  
  112  8:01  Roach  
  112  8:03  Roach x3  
  112  8:04  Roach  
  112  8:05  Overlord  
  121  8:06  Drone  
  121  8:08  Extractor  
  121  8:09  Drone  
  121  8:10  Overlord  
  122  8:13  Roach x3  
  122  8:14  Roach  
  127  8:21  Roach  
  127  8:22  Roach  
  127  8:23  Roach  
  127  8:26  Zergling x6, Roach  
  122  8:30  Zergling x2, Roach  
  112  8:38  Zergling x6, Roach x2  
  96  8:41  Zergling x2  
  96  8:43  Zergling x2  
  96  8:44  Zergling x2  
  96  8:47  Roach  
  83  8:50  Zergling x2  
  83  8:52  Drone  
  83  8:54  Zergling x2  
  79  8:57  Roach  
  79  8:59  Drone  
  79  9:01  Drone  
  78  9:10  Drone x3  
  81  9:17  Ravager  
  81  9:19  Drone x2  
  81  9:23  Queen  
  86  9:26  Drone  
  86  9:27  Drone  
  87  9:33  Glial Reconstitution  
  87  9:35  Drone x3  
  90  9:43  Roach x3  
  96  9:48  Roach x2  
  100  9:53  Roach  
  100  9:55  Spore Crawler  
  100  9:56  Roach  
  103  10:01  Roach  
  103  10:05  Overlord  
  105  10:07  Drone  
  105  10:08  Roach  
  105  10:09  Roach  
  105  10:12  Overlord  
  110  10:15  Ravager  
  110  10:17  Drone x3  
  110  10:19  Extractor  
  110  10:21  Roach  
  112  10:23  Drone, Queen  
  112  10:25  Drone  
  115  10:31  Drone x2, Baneling Nest  
  115  10:33  Drone x2  
  118  10:36  Extractor  
  118  10:38  Drone x3  
  118  10:40  Drone  
  121  10:43  Zerg Melee Weapons Level 1  
  121  10:45  Drone x2  
  121  10:47  Drone  
  121  10:49  Drone  
  125  10:55  Drone  
  126  10:58  Roach  
  128  11:06  Roach x2  
  128  11:10  Hatchery, Roach x2  
  135  11:14  Drone  
  136  11:18  Centrifical Hooks  
  136  11:23  Zergling x12  
  142  11:30  Drone  
  142  11:31  Drone  
  142  11:34  Drone  
  142  11:36  Drone  
  142  11:37  Spore Crawler  
  142  11:38  Zergling x8  
  146  11:44  Zergling x6  
  146  11:45  Zergling x2  
  150  11:50  Baneling x9  
  152  11:54  Ravager x4  
  152  11:59  Overlord  
  154  12:01  Drone x2  
  154  12:02  Drone x2  
  158  12:14  Drone x4  
  162  12:16  Overlord  
  162  12:23  Overlord  
  162  12:25  Baneling x16  
  162  12:26  Ravager  
  162  12:27  Ravager x2  
  162  12:29  Drone x2  
  167  12:33  Ravager, Infestation Pit  
  167  12:38  Spore Crawler  
  167  12:41  Zergling x10  
  170  12:48  Zergling x8  
  170  12:49  Zergling x6  
  170  12:51  Zergling x4  
  179  12:52  Roach  
  166  13:03  Zergling x16  
  149  13:06  Roach  
  149  13:07  Roach  
  149  13:10  Zergling x2  
  140  13:14  Zergling x2  
Tags
 
Add a new tag
Caveats
  • Supply blocks, unpowered buildings, or Contaminate may cause inaccurate times.
  • Supply counts are checked every 10 seconds.